Map: 凯罗斯中转站-天梯版

Players

Probe

  • Race: Protoss Protoss
  • League: Platinum

PtitDrogo - Winner!

  • Race: Protoss Protoss
  • League: Platinum

Event: WESG 2018 Grand Finals

VOD

Have the link to the VOD?

Description

Time

  • Played on: March 12, 2019, 12:20 a.m.
  • Length: 7:52

All games in this series

Show
View Real Time Build Order
Export as new Build Order

Probe Protoss 

Build Orders:  

Get SALT Encoding   

  12  0:00  Probe  
  13  0:13  Probe  
  14  0:17  Pylon  
  14  0:24  Probe  
  15  0:32  Probe  
  15  0:37  Gateway  
  15  0:40  Probe  
  16  0:47  Assimilator  
  17  0:50  Probe  
  17  0:56  Assimilator  
  18  0:58  Probe  
  19  1:06  Probe  
  20  1:15  Gateway  
  20  1:17  Probe  
  20  1:24  Cybernetics Core  
  21  1:29  Probe  
  22  1:34  Pylon  
  22  1:41  Probe  
  23  1:54  Probe  
  24  2:02  Warp Gate  
  24  2:03  Adept x2  
  24  2:06  Probe  
  29  2:09  Pylon  
  29  2:29  Probe  
  30  2:33  Adept x2  
  34  2:41  Pylon  
  34  3:01  Robotics Facility  
  34  3:10  Nexus, Sentry  
  34  3:11  Sentry  
  38  3:20  Gateway  
  38  3:28  Shield Battery  
  38  3:38  Immortal  
  42  3:52  Pylon  
  42  3:53  Sentry x2  
  46  3:55  Shield Battery  
  46  4:07  Warp Prism  
  46  4:08  Shield Battery  
  48  4:27  Stalker, Sentry  
  52  4:38  Stalker  
  52  4:41  Pylon  
  48  5:06  Stalker x2  
  27  6:25  Adept  
  27  6:27  Adept  
  27  6:30  Probe  
  32  6:35  Probe  
  33  6:42  Probe  
  35  6:59  Stalker x2  
  33  7:10  Stalker  
Show
View Real Time Build Order
Export as new Build Order

PtitDrogo Protoss - Winner!

Build Orders:  

Get SALT Encoding   

  12  0:00  Probe  
  13  0:12  Probe  
  14  0:17  Pylon  
  14  0:24  Probe  
  15  0:32  Probe  
  15  0:39  Gateway  
  15  0:40  Probe  
  16  0:45  Assimilator  
  17  0:50  Probe  
  17  0:54  Assimilator  
  18  0:58  Probe  
  19  1:06  Probe  
  20  1:14  Gateway  
  20  1:17  Probe  
  21  1:26  Cybernetics Core  
  21  1:29  Probe  
  22  1:34  Pylon  
  22  1:41  Probe  
  23  1:52  Warp Gate  
  23  1:53  Probe  
  24  2:02  Adept x2  
  24  2:06  Probe  
  29  2:11  Pylon  
  29  2:32  Adept x2  
  32  2:52  Nexus  
  32  2:59  Robotics Facility  
  32  3:03  Adept  
  32  3:05  Adept  
  36  3:12  Pylon  
  36  3:14  Probe  
  37  3:31  Probe  
  38  3:34  Shield Battery  
  38  3:40  Observer  
  38  3:42  Stalker x2  
  38  3:45  Probe  
  44  3:55  Pylon  
  44  3:57  Probe  
  45  4:03  Immortal  
  45  4:09  Probe  
  46  4:16  Probe  
  51  4:20  Sentry  
  53  4:26  Sentry  
  53  4:27  Shield Battery  
  55  4:33  Warp Prism  
  55  4:34  Shield Battery  
  57  4:47  Stalker  
  59  4:53  Stalker  
  59  5:01  Immortal  
  57  5:17  Sentry x2  
  57  5:30  Probe  
  54  5:36  Probe  
  45  5:43  Probe  
  45  5:48  Probe  
  44  5:55  Probe  
  41  6:00  Probe  
  42  6:04  Stalker  
  42  6:07  Probe  
  45  6:12  Probe  
  45  6:18  Probe  
  46  6:19  Stalker  
  46  6:21  Probe  
  50  6:26  Probe  
  50  6:27  Pylon  
  50  6:31  Probe  
  51  6:34  Probe  
  53  6:41  Probe  
  53  6:43  Sentry  
  53  6:44  Sentry  
  53  6:45  Probe  
  57  6:53  Probe  
  53  6:57  Probe  
  42  7:09  Stalker  
Tags
 
Add a new tag
Caveats
  • Supply blocks, unpowered buildings, or Contaminate may cause inaccurate times.
  • Supply counts are checked every 10 seconds.